 Dungeon Crawl Stone Soup version 0.13.1-28-g3517093 (webtiles) character file.

207 CrazyArbalest the Bolt Thrower (level 4, 0/33 HPs)
             Began as a Demonspawn Hunter on Mar 19, 2014.
             Slain by an ice beast (10 damage)
             ... on Level 3 of the Dungeon.
             The game lasted 00:10:17 (2050 turns).

CrazyArbalest the Bolt Thrower (Demonspawn Hunter)  Turns: 2050, Time: 00:10:18

HP   0/33        AC  5     Str 14      XL: 4   Next: 85%
MP   3/3         EV  9     Int 12      God:
Gold 80          SH  0     Dex 13      Spells:  0 memorised,  3 levels left

Res.Fire  : . . .   See Invis. : .   q - -1,+0 orc flail
Res.Cold  : . . .   Warding    : .   t - +0 ring mail
Life Prot.: . . .   Conserve   : .   (no shield)
Res.Poison: .       Res.Corr.  : .   (no helmet)
Res.Elec. : .       Clarity    : .   (no cloak)
Sust.Abil.: . .     Spirit.Shd : .   (no gloves)
Res.Mut.  : .       Stasis     : .   (no boots)
Res.Rott. : .       Flight     : .   (no amulet)
Saprovore : . . .                    (no ring)
                                     (no ring)

@: slightly resistant to hostile enchantments, very unstealthy
A: claws 1, powered by death 2
a: no special abilities


You were on level 3 of the Dungeon.
You were not hungry.

You visited 1 branch of the dungeon, and saw 3 of its levels.

You collected 60 gold pieces.

Inventory:

Hand weapons
 a - a +0,+0 short sword
 b - a +1,+1 crossbow
 q - a -1,+0 orcish flail (weapon)
 r - a +1,+3 orcish war axe
Missiles
 c - 10 bolts
Armour
 d - a +0 leather armour
 p - a +0 elven leather armour
 t - a +0 ring mail (worn)
 x - a +0 leather armour
Comestibles
 f - 4 bread rations
 i - a honeycomb
 n - a chunk of adder flesh
 o - a rotting chunk of hobgoblin flesh
 s - 2 meat rations
 A - a rotting chunk of giant gecko flesh
 B - a snozzcumber
 G - a chunk of rat flesh
Scrolls
 e - 2 scrolls of remove curse {unknown}
 g - 2 scrolls of enchant weapon II {unknown}
 j - 4 scrolls of identify {unknown}
 v - a scroll of curse armour {unknown}
 w - a scroll of fear {unknown}
 y - a scroll of curse weapon {unknown}
 D - a scroll of magic mapping {unknown}
Jewellery
 u - an uncursed ring of sustenance {unknown}
 z - a +6 ring of evasion {unknown}
 C - a +3 ring of intelligence {unknown}
 E - a cursed ring of hunger {unknown}
Potions
 h - 2 potions of speed {unknown}
 k - a potion of might {unknown}
 l - a potion of restore abilities {unknown}
 m - a potion of curing {unknown}
 F - a potion of degeneration {unknown}


   Skills:
 + Level 1.1 Fighting
 + Level 0.5 Short Blades
 + Level 4.6 Crossbows
 + Level 1.9 Armour
 + Level 2.5 Dodging
 + Level 1.1 Stealth


You had 3 spell levels left.
You didn't know any spells.

Dungeon Overview and Level Annotations

Branches:
Dungeon (3/27)

Altars:
Trog


Innate Abilities, Weirdness & Mutations

You have sharp fingernails.
You can steal the life force of defeated enemies.


Message History

The adder barely misses you.
You sock the adder!
The adder is almost dead.
The adder barely misses you. The adder bites you but does no damage.
The ice beast hits you. The ice beast freezes you!
You closely miss the adder.
The adder is almost dead.
The adder barely misses you. The ice beast hits you. The ice beast freezes you!
The adder bites you but does no damage.
The ice beast hits you but does no damage.
You thump the adder!
You kill the adder!
The ice beast barely misses you.
You hit the ice beast.
The ice beast is lightly wounded.
The ice beast hits you but does no damage.
You sock the ice beast!
The ice beast is heavily wounded.
The ice beast hits you. The ice beast freezes you!
You die...

##################
#.................
#.################
#.# #.# #I#
####### #@#
#...... #.#
#......
#.##########......
#.##.......)......
#.##.#######......
#.##.# #######
##.##%# #.....#
#.....#


You could see an ice beast.

Vanquished Creatures
  Ijyb (D:2)
  5 adders
  An orc (D:3)
  2 giant cockroaches
  5 hobgoblins
  10 jackals
  12 kobolds
  2 ball pythons (D:2)
  3 bats
  2 giant geckos (D:3)
  5 giant newts (D:2)
  9 goblins
  4 rats
61 creatures vanquished.

Notes
Turn   | Place    | Note
--------------------------------------------------------------
     0 | D:1      | CrazyArbalest, the Demonspawn Hunter, began the quest for the Orb.
     0 | D:1      | Reached XP level 1. HP: 16/16 MP: 0/0
   137 | D:1      | Reached skill level 4 in Crossbows
   142 | D:1      | Gained mutation: You can steal the life force of nearby defeated enemies. [demonic ancestry]
   142 | D:1      | Reached XP level 2. HP: 22/22 MP: 1/1
   691 | D:1      | HP: 1/22 [goblin (2)]
   850 | D:2      | Reached skill level 1 in Armour
   850 | D:2      | Gained mutation: You can steal the life force of defeated enemies. [demonic ancestry]
   850 | D:2      | Reached XP level 3. HP: 27/27 MP: 2/2
   862 | D:2      | Noticed Ijyb
   875 | D:2      | Killed Ijyb
   880 | D:2      | Reached skill level 1 in Stealth
   996 | D:2      | Gained mutation: You have sharp fingernails. [demonic ancestry]
   996 | D:2      | Reached XP level 4. HP: 30/33 MP: 3/3
  1365 | D:2      | Noticed a moth of wrath
  1368 | D:2      | Found a bloodstained altar of Trog.
  2022 | D:3      | Noticed an ice beast
  2050 | D:3      | Slain by an ice beast

Action                   |  1- 3 |  4- 6 || total
-------------------------+-------+-------++-------
Melee: Short sword       |    73 |   113 ||   186
       Flail             |       |    12 ||    12
 Fire: Crossbow          |    31 |    17 ||    48
